Map: 엔디온 잔해

Players

llllllllllll (Scarlett)

  • Race: Zerg Zerg
  • League: Grandmaster

llllllllllll - Winner!

  • Race: Protoss Protoss
  • League: Grandmaster

VOD

Have the link to the VOD?

Description

Time

  • Played on: April 13, 2016, 4:19 a.m.
  • Length: 15:40
Show
View Real Time Build Order
Export as new Build Order

llllllllllll Zerg 

Build Orders: Hatch First, Lurkers 

Get SALT Encoding   

  12  0:00  Drone  
  13  0:09  Drone  
  14  0:17  Overlord  
  14  0:23  Drone, Extractor  
  15  0:36  Drone x2  
  17  0:52  Hatchery  
  17  0:55  Drone  
  17  1:03  Drone  
  18  1:08  Drone  
  18  1:10  Extractor  
  18  1:16  Spawning Pool  
  17  1:19  Drone  
  18  1:29  Drone  
  19  1:41  Drone  
  19  1:45  Hatchery  
  19  1:51  Drone  
  20  2:00  Drone  
  21  2:04  Drone  
  21  2:08  Queen  
  24  2:15  Metabolic Boost  
  24  2:18  Drone  
  24  2:21  Overlord  
  25  2:33  Drone x2  
  25  2:36  Zergling x2  
  28  2:41  Queen  
  28  2:43  Queen  
  32  2:48  Zergling x2  
  32  2:50  Zergling x2  
  34  2:54  Overlord  
  34  3:02  Drone x3  
  37  3:06  Pneumatized Carapace  
  37  3:11  Drone x2  
  39  3:13  Drone  
  39  3:17  Drone x2  
  42  3:22  Drone  
  42  3:23  Drone  
  42  3:25  Overlord  
  44  3:32  Drone x2  
  46  3:35  Queen  
  48  3:47  Drone x6  
  53  3:52  Overlord  
  52  3:59  Drone x5, Overlord  
  57  4:06  Overlord  
  57  4:07  Overlord  
  57  4:08  Zergling x2  
  58  4:14  Extractor  
  57  4:19  Extractor  
  56  4:26  Lair  
  56  4:30  Queen  
  58  4:31  Drone, Extractor  
  58  4:32  Drone x3  
  61  4:44  Spore Crawler  
  59  4:46  Spore Crawler  
  59  4:47  Drone x2  
  59  4:48  Drone, Overlord x2  
  59  4:49  Drone x4  
  65  4:53  Drone x2  
  65  4:54  Evolution Chamber  
  65  4:57  Drone x5  
  65  4:58  Drone  
  72  5:04  Queen  
  74  5:07  Queen  
  74  5:09  Drone x3  
  79  5:15  Extractor  
  79  5:16  Extractor  
  79  5:20  Zerg Missile Weapons Level 1  
  77  5:23  Drone x6  
  77  5:24  Drone x2  
  83  5:28  Hydralisk Den  
  83  5:30  Baneling Nest  
  80  5:39  Spore Crawler  
  80  5:42  Overlord x2  
  79  5:44  Drone  
  79  5:45  Drone x7  
  87  5:59  Muscular Augments  
  87  6:03  Drone  
  87  6:04  Drone x3  
  91  6:12  Hydralisk x4  
  91  6:13  Centrifical Hooks  
  91  6:17  Drone  
  91  6:18  Drone x4  
  101  6:24  Hydralisk x3  
  105  6:28  Drone  
  105  6:32  Overlord x6  
  106  6:47  Overlord  
  106  6:51  Hydralisk  
  106  6:52  Hydralisk x6  
  120  6:56  Hydralisk  
  122  7:04  Hydralisk  
  122  7:05  Hydralisk  
  126  7:14  Hydralisk x5  
  136  7:20  Zerg Melee Weapons Level 1  
  136  7:23  Hydralisk x5  
  136  7:29  Infestation Pit  
  145  7:30  Drone  
  145  7:33  Zergling x2, Hatchery  
  146  7:38  Zergling x10  
  146  7:39  Overseer  
  151  7:44  Zergling x4  
  151  7:46  Zergling x2  
  151  7:51  Zergling x6  
  156  7:58  Overlord  
  156  7:59  Overlord x4  
  154  8:06  Baneling x14  
  154  8:07  Zergling x2  
  154  8:08  Zergling x10  
  154  8:10  Baneling x2  
  160  8:20  Zergling x2  
  160  8:21  Zergling x8  
  160  8:26  Zergling x8  
  141  8:42  Zergling x14  
  141  8:43  Hive  
  141  8:44  Lurker Den  
  141  8:45  Spire  
  144  8:49  Baneling x9  
  144  8:50  Zergling x14  
  149  8:58  Zergling x8  
  149  8:59  Overseer  
  143  9:17  Hydralisk x9  
  127  9:25  Zerg Melee Weapons Level 2  
  127  9:31  Hydralisk x2  
  127  9:32  Zergling x14  
  138  9:44  Extractor  
  137  9:49  Drone x3, Extractor  
  137  9:50  Drone x2  
  137  9:51  Drone  
  142  9:57  Greater Spire  
  142  9:59  Zergling x16  
  150  10:09  Spine Crawler x2  
  150  10:10  Spine Crawler  
  150  10:11  Spine Crawler  
  150  10:12  Zergling x16  
  154  10:16  Lurker x6  
  154  10:21  Zergling x10, Lurker  
  161  10:30  Corruptor  
  161  10:31  Corruptor  
  165  10:40  Lurker x2  
  165  10:41  Drone x3  
  165  10:42  Drone x4  
  174  10:48  Corruptor x2  
  178  10:52  Drone  
  178  10:53  Spore Crawler  
  178  11:01  Corruptor x2  
  176  11:26  Brood Lord x2  
  176  11:31  Brood Lord x2  
  120  11:50  Hydralisk x5  
  120  11:51  Hydralisk x4, Zergling x2  
  120  11:52  Zergling x14  
  122  12:11  Adrenal Glands  
  122  12:14  Zergling x30  
  137  12:21  Brood Lord  
  137  12:22  Brood Lord  
  141  12:23  Baneling x4  
  131  12:49  Zergling x28  
  145  12:51  Hatchery  
  145  12:54  Corruptor  
  146  12:59  Queen x2  
  150  13:08  Overseer x2  
  146  13:13  Corruptor x2  
  146  13:14  Corruptor  
  146  13:19  Drone x4  
  147  13:29  Queen  
  148  13:45  Hydralisk x8  
  164  13:53  Zergling x14  
  130  14:22  Hydralisk x6  
  124  14:34  Hydralisk x3  
  112  14:45  Hydralisk  
  112  14:46  Hydralisk x3  
  119  15:00  Hydralisk x5  
  126  15:07  Hydralisk  
  126  15:08  Hydralisk x2  
Show
View Real Time Build Order
Export as new Build Order

llllllllllll Protoss - Winner!

Build Orders: 1 Gate Expand 

Get SALT Encoding   

  12  0:00  Probe (Chrono Boost)  
  13  0:11  Probe (Chrono Boost)  
  14  0:18  Pylon  
  14  0:22  Probe (Chrono Boost)  
  15  0:37  Probe (Chrono Boost)  
  15  0:38  Gateway  
  15  0:42  Assimilator  
  16  0:47  Probe (Chrono Boost)  
  17  0:58  Probe (Chrono Boost)  
  18  1:08  Probe (Chrono Boost)  
  19  1:20  Nexus  
  19  1:25  Probe (Chrono Boost)  
  20  1:33  Cybernetics Core  
  20  1:35  Probe (Chrono Boost)  
  21  1:42  Assimilator  
  21  1:46  Probe (Chrono Boost)  
  22  1:50  Pylon  
  22  1:56  Probe (Chrono Boost)  
  23  2:08  Probe (Chrono Boost)  
  24  2:11  Adept (Chrono Boost)  
  24  2:12  Warp Gate  
  26  2:19  Probe  
  27  2:27  Pylon  
  27  2:31  Mothership Core (Chrono Boost)  
  27  2:33  Probe (Chrono Boost)  
  30  2:44  Probe (Chrono Boost)  
  31  2:50  Probe (Chrono Boost)  
  32  2:54  Probe (Chrono Boost)  
  33  3:01  Probe (Chrono Boost)  
  33  3:05  Probe (Chrono Boost)  
  35  3:10  Pylon  
  35  3:11  Probe (Chrono Boost)  
  35  3:12  Gateway  
  36  3:15  Gateway, Probe (Chrono Boost)  
  37  3:22  Probe (Chrono Boost)  
  37  3:25  Stargate  
  37  3:26  Stargate, Probe (Chrono Boost)  
  39  3:32  Probe (Chrono Boost)  
  40  3:36  Probe (Chrono Boost)  
  41  3:50  Probe x2 (Chrono Boost)  
  41  4:01  Probe (Chrono Boost)  
  41  4:02  Probe (Chrono Boost)  
  42  4:04  Nexus  
  42  4:06  Pylon  
  42  4:11  Probe (Chrono Boost)  
  42  4:12  Probe (Chrono Boost)  
  42  4:17  Phoenix x2 (Chrono Boost)  
  46  4:21  Forge  
  48  4:25  Adept  
  48  4:26  Adept  
  52  4:32  Probe  
  52  4:35  Probe  
  54  4:44  Phoenix x2 (Chrono Boost), Probe  
  59  4:50  Assimilator  
  59  4:51  Probe, Assimilator  
  60  4:56  Probe  
  61  5:03  Pylon, Probe  
  62  5:08  Pylon  
  62  5:09  Probe  
  62  5:12  Phoenix (Chrono Boost)  
  65  5:15  Probe  
  65  5:18  Probe, Phoenix (Chrono Boost)  
  69  5:31  Probe  
  69  5:32  Probe x2  
  69  5:35  Protoss Ground Weapons Level 1  
  72  5:41  Probe  
  72  5:45  Probe x2  
  72  5:47  Assimilator x2  
  75  5:52  Probe  
  75  5:54  Robotics Facility x2  
  74  5:57  Twilight Council, Probe x2  
  74  6:02  Probe  
  77  6:05  Zealot x2, Sentry  
  77  6:09  Probe  
  77  6:11  Pylon, Probe  
  85  6:13  Probe  
  85  6:16  Pylon  
  86  6:21  Probe  
  86  6:23  Probe x2  
  86  6:25  Pylon  
  89  6:31  Pylon  
  89  6:33  Pylon  
  89  6:37  Charge  
  89  6:38  Probe  
  90  6:40  Zealot x3  
  90  6:41  Warp Prism (Chrono Boost)  
  90  6:42  Observer (Chrono Boost)  
  90  6:45  Templar Archives, Probe  
  100  6:56  Gateway  
  100  6:57  Gateway  
  100  6:59  Gateway  
  100  7:02  Gateway  
  100  7:04  Gateway  
  100  7:07  Immortal (Chrono Boost)  
  100  7:10  Immortal (Chrono Boost)  
  100  7:13  Psionic Storm  
  108  7:16  Pylon  
  108  7:19  Zealot x3  
  114  7:40  High Templar  
  114  7:41  High Templar x2  
  120  7:56  Immortal x2  
  128  8:06  High Templar  
  128  8:07  Zealot x3, Sentry  
  128  8:10  Pylon  
  138  8:13  Pylon  
  138  8:16  Pylon  
  136  8:23  Protoss Ground Weapons Level 2 (Chrono Boost)  
  136  8:24  Pylon  
  136  8:26  Pylon  
  130  8:27  Pylon  
  130  8:28  Pylon  
  130  8:29  Zealot  
  129  8:39  Zealot x2  
  129  8:40  Zealot x3, Immortal x2  
  119  8:45  Archon  
  127  8:50  Zealot x3  
  131  9:01  Zealot x5  
  133  9:10  Zealot  
  133  9:11  Zealot x2  
  133  9:14  Immortal x2  
  113  9:21  Zealot x2  
  113  9:22  Zealot x3  
  120  9:31  High Templar x2  
  120  9:32  High Templar  
  120  9:37  Pylon  
  126  9:45  High Templar  
  126  9:46  Sentry  
  126  9:48  Immortal  
  126  9:50  Immortal  
  130  9:53  Dark Shrine  
  130  9:56  Pylon  
  130  9:58  Zealot, Sentry  
  130  9:59  Zealot  
  144  10:04  Nexus  
  144  10:07  Pylon  
  144  10:08  Pylon  
  144  10:09  Pylon  
  144  10:11  Zealot x2  
  144  10:12  Zealot  
  150  10:25  Observer  
  151  10:33  High Templar x3  
  151  10:34  High Templar  
  159  10:36  Zealot, Assimilator  
  159  10:37  Zealot x3  
  159  10:40  Archon x2  
  159  10:41  Assimilator  
  167  10:43  Observer  
  168  10:50  Protoss Ground Weapons Level 3 (Chrono Boost)  
  168  11:01  Oracle  
  165  11:04  Zealot x2  
  165  11:05  Zealot x2  
  171  11:11  Zealot x4  
  145  11:43  Archon  
  145  11:44  Archon  
  145  11:45  Immortal  
  127  11:49  Immortal  
  127  11:52  Zealot x5  
  127  11:53  Zealot x3  
  137  11:57  Void Ray (Chrono Boost)  
  137  11:58  Void Ray (Chrono Boost)  
  141  12:07  Probe  
  141  12:08  Probe  
  139  12:13  Dark Templar  
  139  12:14  Dark Templar  
  141  12:21  High Templar  
  141  12:22  High Templar x3  
  149  12:24  Zealot x2  
  149  12:26  Archon  
  149  12:27  Archon  
  153  12:30  Void Ray (Chrono Boost)  
  153  12:31  Protoss Air Weapons Level 1 (Chrono Boost)  
  153  12:35  Void Ray (Chrono Boost)  
  161  12:56  High Templar  
  161  12:57  High Templar x2  
  167  13:12  Zealot  
  169  13:15  Void Ray (Chrono Boost)  
  169  13:19  Void Ray (Chrono Boost)  
  177  13:23  Dark Templar x2  
  177  13:25  Zealot x2  
  178  13:51  Nexus  
  178  13:54  Zealot x6  
  182  13:55  Zealot  
  182  13:57  Void Ray (Chrono Boost)  
  182  14:00  Void Ray (Chrono Boost)  
  182  14:16  Archon  
  148  14:22  Dark Templar x2  
  148  14:23  Zealot x2  
  148  14:24  Zealot x4  
  127  14:48  Zealot x6  
  127  14:52  Pylon  
  137  15:00  High Templar x2  
  125  15:20  High Templar x3  
  128  15:21  Assimilator  
  128  15:22  High Templar  
  128  15:23  Zealot x2  
  133  15:28  Archon  
  133  15:29  Archon  
  133  15:36  Dark Templar  
  133  15:37  Pylon  
Tags
 
Add a new tag
Caveats
  • Supply blocks, unpowered buildings, or Contaminate may cause inaccurate times.
  • Supply counts are checked every 10 seconds.